 Dungeon Crawl Stone Soup version 0.28.0-43-g3370ac3207 (webtiles) character file.

Game seed: 14949286495761211827

290 Ablot the Grasshopper (level 6, -5/50 HPs)
             Began as a Gnoll Warper on Mar 25, 2022.
             Slain by a gnoll
             ... wielding a +0 flail
              (6 damage)
             ... on level 6 of the Dungeon.
             The game lasted 00:05:26 (3404 turns).

Ablot the Grasshopper (Gnoll Warper)                Turns: 3404, Time: 00:05:27

Health: -5/50      AC:  7    Str: 12    XL:     6   Next: 32%
Magic:  14/14      EV: 13    Int: 12    God:
Gold:   87         SH:  0    Dex: 12    Spells: 13/15 levels left

rFire   . . .      SeeInvis .   n - +2 dagger (venom)
rCold   . . .      Faith    .   (no shield)
rNeg    . . .      Spirit   .   b - +0 leather armour
rPois   +          Reflect  .   (no helmet)
rElec   .          Harm     .   (no cloak)
rCorr   .          Rampage  .   (no gloves)
Will    .....                   (no boots)
Stlth   ++........              v - amulet of magic regeneration
HPRegen 0.16/turn               i - +4 ring of protection
MPRegen 0.54/turn               o - ring of poison resistance

@: invisible
A: fangs 1, strong nose, distributed training
a: no special abilities


You were on level 6 of the Dungeon.
You visited 1 branch of the dungeon, and saw 5 of its levels.

You collected 87 gold pieces.

Inventory:

Hand Weapons
 a - a +0 spear
 n - a +2 dagger of venom (weapon)
Missiles
 d - 5 boomerangs of dispersal (quivered)
 e - 23 arrows
 g - 105 stones
 r - 15 bolts
 s - 15 sling bullets
Armour
 b - a +0 leather armour (worn)
Jewellery
 i - a +4 ring of protection (left hand)
 o - a ring of poison resistance (right hand)
 v - an amulet of magic regeneration (around neck)
Wands
 u - a wand of flame (9)
Scrolls
 c - a scroll of blinking
 f - 2 scrolls of identify {unknown}
 j - a scroll of amnesia {unknown}
 k - 2 scrolls of teleportation {unknown}
 l - a scroll of immolation {unknown}
 m - a scroll of vulnerability {unknown}
 q - a scroll of torment {unknown}
 w - a scroll of summoning {unknown}
Potions
 h - a potion of heal wounds
 p - a potion of invisibility
 t - a potion of curing {unknown}


   Skills:
 + Level 4.9 Fighting
 + Level 1.9 Short Blades
 + Level 1.9 Long Blades
 + Level 1.9 Axes
 + Level 1.9 Maces & Flails
 + Level 4.9 Polearms
 + Level 1.9 Staves
 + Level 1.9 Slings
 + Level 1.9 Bows
 + Level 1.9 Crossbows
 + Level 3.2 Throwing
 + Level 3.2 Armour
 + Level 4.9 Dodging
 + Level 1.9 Stealth
 + Level 1.9 Shields
 + Level 1.9 Unarmed Combat
 + Level 5.3 Spellcasting
 + Level 1.5 Conjurations
 + Level 1.5 Hexes
 + Level 1.5 Summonings
 + Level 1.5 Necromancy
 + Level 5.6 Translocations
 + Level 1.5 Transmutations
 + Level 1.5 Fire Magic
 + Level 1.5 Ice Magic
 + Level 1.5 Air Magic
 + Level 1.5 Earth Magic
 + Level 1.5 Poison Magic
 + Level 2.1 Invocations
 + Level 1.9 Evocations


You had 13 spell levels left.
You knew the following spells:

 Your Spells              Type           Power      Damage    Failure   Level
a - Blink                 Tloc           32%        N/A       3%          2

Your spell library contained the following spells:

 Spells                   Type           Power      Damage    Failure   Level
 Gell's Gravitas          Tloc           16%        N/A       7%          3
 Lesser Beckoning         Tloc           16%        N/A       7%          3
 Teleport Other           Tloc           16%        N/A       7%          3
 Manifold Assault         Tloc           16%        N/A       54%         5


Dungeon Overview and Level Annotations

Branches:
Dungeon (7/15)
 Temple: D:4-7

Altars:
Sif Muna
Vehumet


Innate Abilities, Weirdness & Mutations

You have very sharp teeth.
Your uncanny sense of smell can sniff out nearby items.
Your experience applies equally to all skills.


Message History

The gnoll sergeant completely misses you.
The gnoll hits you with a +0 flail!
* * * LOW HITPOINT WARNING * * *
You climb upwards.
You hear the hiss of flowing sand.
There is an entrance to an ossuary on this level.
Hurry and find it before the portal is buried!
The walls and floor vibrate strangely for a moment.
You feel sick.
There is a stone staircase leading down here.
Unknown command.
You feel sick.
The gnoll sergeant hits you from afar with a +6 spear of venom.
* * * LOW HITPOINT WARNING * * *
The gnoll barely misses you.
* * * LOW HITPOINT WARNING * * *
You feel sick.
It was a potion of heal wounds.
You feel much better.
You feel sick.
The gnoll sergeant hits you from afar with a +6 spear of venom!
* * * LOW HITPOINT WARNING * * *
The gnoll closely misses you.
Unknown command.
It was a potion of invisibility.
You fade into invisibility!
You feel sick. The gnoll hits you with a +0 flail.
* * * LOW HITPOINT WARNING * * *
The gnoll sergeant closely misses you.
Unknown command.
You closely miss the gnoll. You punch the gnoll. You bite the gnoll.
The gnoll is moderately wounded.
You feel sick.
You are no longer poisoned.
The gnoll sergeant closely misses you. The gnoll hits you with a +0 flail.
* * * LOW HITPOINT WARNING * * *
You catch the helpless gnoll completely off-guard!
You hit the gnoll.
The gnoll is severely wounded.
The gnoll sergeant hits you from afar with a +6 spear of venom.
* * * LOW HITPOINT WARNING * * *
The gnoll hits you with a +0 flail.
You die...

oo####.#..##.###
...#..........
######.###o#.#.###
..................
######.###.#...###
#.# #.##..# #.#
#.##..# #.#
#.##..#########
#.#
#.##.gg@.......
#.#
#.#######......
#.# .# #####


You could see a gnoll sergeant and a gnoll.

Vanquished Creatures
  A water moccasin (D:7)
  A centaur (D:7)
  An orc priest (D:7)
  An adder (D:7)
  A white imp (D:6)
  3 dart slugs
  An orc (D:7)
  3 bats
  7 endoplasms
  3 giant cockroaches
  4 goblins
  5 hobgoblins
  8 jackals (D:2)
  2 quokkas
  3 ball pythons
  5 frilled lizards
  3 kobolds
  8 rats
60 creatures vanquished.

Notes
Turn   | Place    | Note
-------+----------+-------------------------------------------
     0 | D:1      | Ablot the Gnoll Warper began the quest for the Orb.
     0 | D:1      | Reached XP level 1. HP: 20/20 MP: 6/6
   135 | D:1      | Reached XP level 2. HP: 25/26 MP: 7/7
   138 | D:1      | Learned a level 2 spell: Blink
   170 | D:1      | Found a faded altar of an unknown god.
   565 | D:1      | Reached XP level 3. HP: 27/31 MP: 9/9
   613 | D:1      | Reached skill level 5 in Spellcasting
  1412 | D:2      | Reached skill level 1 in Invocations
  1658 | D:2      | Reached skill level 1 in Short Blades
  1658 | D:2      | Reached skill level 1 in Long Blades
  1658 | D:2      | Reached skill level 1 in Axes
  1658 | D:2      | Reached skill level 1 in Maces & Flails
  1658 | D:2      | Reached skill level 1 in Staves
  1658 | D:2      | Reached skill level 1 in Slings
  1658 | D:2      | Reached skill level 1 in Bows
  1658 | D:2      | Reached skill level 1 in Crossbows
  1658 | D:2      | Reached skill level 1 in Stealth
  1658 | D:2      | Reached skill level 1 in Shields
  1658 | D:2      | Reached skill level 1 in Unarmed Combat
  1658 | D:2      | Reached skill level 1 in Evocations
  1930 | D:2      | Reached XP level 4. HP: 36/38 MP: 11/11
  2301 | D:3      | You fall into a shaft and drop 3 floors!
  2302 | D:6      | Found a radiant altar of Vehumet.
  2618 | D:6      | Noticed an orc warrior
  2642 | D:6      | HP: 1/38 [adder (2)]
  2645 | D:6      | Noticed a centaur
  2964 | D:7      | Found a shimmering blue altar of Sif Muna.
  2983 | D:7      | Noticed a water moccasin
  2997 | D:7      | Killed a water moccasin
  2998 | D:7      | Reached skill level 1 in Conjurations
  2998 | D:7      | Reached skill level 1 in Hexes
  2998 | D:7      | Reached skill level 1 in Summonings
  2998 | D:7      | Reached skill level 1 in Necromancy
  2998 | D:7      | Reached skill level 1 in Transmutations
  2998 | D:7      | Reached skill level 1 in Fire Magic
  2998 | D:7      | Reached skill level 1 in Ice Magic
  2998 | D:7      | Reached skill level 1 in Air Magic
  2998 | D:7      | Reached skill level 1 in Earth Magic
  2998 | D:7      | Reached skill level 1 in Poison Magic
  2998 | D:7      | Reached XP level 5. HP: 29/43 MP: 12/12
  3150 | D:7      | Noticed a centaur
  3159 | D:7      | Killed a centaur
  3160 | D:7      | Reached XP level 6. HP: 25/50 MP: 14/14
  3384 | D:7      | Noticed an orc warrior
  3404 | D:6      | HP: 1/50 [gnoll sergeant/+6 spear of venom (4)]
  3404 | D:6      | Slain by a gnoll

Illustrated notes

Levels and vault maps discovered:
D:1:      psy_arrival_radial02, layout_basic, basic_ecumenical_altar,
          minmay_misc_feat_encased, minmay_misc_feat_tower
D:2:      layout_basic
D:3:      layout_basic, lemuel_coloured_pillars_altar,
          minmay_goblin_kobold_house, uniq_jessica, uniq_robin
D:6:      layout_basic, nicolae_vehumet_radiance, chequers_ossuary_entry_cave,
          kb_lookout_dungeons_type
D:7:      layout_loops_cross, led_sif_book, minivault_14

Skill      XL: |  1  2  3  4  5 |
---------------+----------------+-----
Spellcasting   | 5 |  5.3
Invocations    | 1 2 |  2.1
Short Blades   | 1 |  1.9
Long Blades    | 1 |  1.9
Axes           | 1 |  1.9
Maces & Flails | 1 |  1.9
Staves         | 1 |  1.9
Slings         | 1 |  1.9
Bows           | 1 |  1.9
Crossbows      | 1 |  1.9
Stealth        | 1 |  1.9
Shields        | 1 |  1.9
Unarmed Combat | 1 |  1.9
Evocations     | 1 |  1.9
Throwing       | 3 |  3.2
Armour         | 3 |  3.2
Conjurations   | 1 |  1.5
Hexes          | 1 |  1.5
Summonings     | 1 |  1.5
Necromancy     | 1 |  1.5
Transmutations | 1 |  1.5
Fire Magic     | 1 |  1.5
Ice Magic      | 1 |  1.5
Air Magic      | 1 |  1.5
Earth Magic    | 1 |  1.5
Poison Magic   | 1 |  1.5
Fighting       | |  4.9
Polearms       | |  4.9
Dodging        | |  4.9
Translocations | |  5.6

Action                   |  1- 3 |  4- 6 || total
-------------------------+-------+-------++-------
Melee: Spear             |   107 |       ||   107
       Bite              |     9 |    11 ||    20
       Punch             |     3 |     1 ||     4
       Dagger            |    55 |    66 ||   121
  Use: Potion            |       |     2 ||     2
 Stab: Sleeping          |     4 |       ||     4
       Invisible         |       |     1 ||     1
Armor: Leather armour    |    55 |    32 ||    87
Dodge: Dodged            |   117 |    49 ||   166
